 Dungeon Crawl Stone Soup version 0.28-a0-80-g9707f7362f (webtiles) character file.

Game seed: 7907456481483282813

178 pokeman the Magician (level 5, -5/29 HPs)
             Began as a Deep Elf Hedge Wizard on Aug 4, 2021.
             Slain by Duvessa (13 damage)
             ... on level 4 of the Dungeon.
             The game lasted 00:06:06 (4464 turns).

pokeman the Magician (Deep Elf Hedge Wizard)        Turns: 4464, Time: 00:06:07

Health: -5/29      AC:  4    Str:  7    XL:     5   Next: 32%
Magic:  1/15       EV: 12    Int: 20    God:
Gold:   100        SH:  0    Dex: 14    Spells: 5/16 levels left

rFire   . . .      SeeInvis .   v - +0 dagger (venom)
rCold   . . .      Faith    .   (no shield)
rNeg    + . .      Spirit   .   w - +0 leather armour
rPois   .          Reflect  .   n - +0 helmet
rElec   .          Harm     .   (no cloak)
rCorr   .          Rampage  .   (no gloves)
Will    .....                   (no boots)
Stlth   ++........              (no amulet)
HPRegen 0.09/turn               h - ring of positive energy
MPRegen 0.14/turn               (no ring)

@: very slightly contaminated
A: no striking features
a: no special abilities


You were on level 4 of the Dungeon.
You visited 1 branch of the dungeon, and saw 4 of its levels.

You collected 100 gold pieces.

Inventory:

Hand Weapons
 v - a +0 dagger of venom (weapon)
Missiles
 f - 11 arrows
 p - 36 bolts
Armour
 n - a +0 helmet (worn)
 w - a +0 leather armour (worn)
Jewellery
 h - a ring of positive energy (left hand)
Wands
 t - a wand of polymorph (6)
Scrolls
 a - a scroll of blinking {unknown}
 c - 5 scrolls of enchant armour {unknown}
 e - 2 scrolls of enchant weapon {unknown}
 i - 3 scrolls of noise {unknown}
 j - 4 scrolls of identify {unknown}
 k - 3 scrolls of teleportation {unknown}
 l - a scroll of holy word {unknown}
 m - a scroll of amnesia {unknown}
 r - a scroll of brand weapon {unknown}
Potions
 b - a potion of degeneration {unknown}
 d - 2 potions of resistance {unknown}
 g - 2 potions of curing {unknown}
 o - a potion of invisibility {unknown}
 q - 3 potions of heal wounds {unknown}
 s - a potion of berserk rage {unknown}
 u - a potion of mutation {unknown}


   Skills:
 - Level 1.0 Fighting
 - Level 1.0 Armour
 + Level 3.1 Dodging
 - Level 2.4 Stealth
 * Level 6.2 Spellcasting
 + Level 2.6 Conjurations
 - Level 1.1 Summonings
 - Level 1.1 Translocations
 - Level 1.2 Fire Magic
 + Level 0.7 Air Magic


You had 5 spell levels left.
You knew the following spells:

 Your Spells              Type           Power      Damage    Failure   Level
a - Magic Dart            Conj           64%        1d6       4%          1
b - Mephitic Cloud        Conj/Pois/Air  10%        N/A       28%         3
c - Call Imp              Summ           10%        N/A       14%         2
d - Blink                 Tloc           N/A        N/A       14%         2
e - Conjure Flame         Conj/Fire      13%        6-21      21%         3

Your spell library contained the following spells:

 Spells                   Type           Power      Damage    Failure   Level
 Slow                     Hex            6%         N/A       22%         2
 Summon Guardian Golem    Hex/Summ       8%         N/A       34%         3
 Orb of Destruction       Conj           8%         9d4       100%        7
 Spellforged Servitor     Conj/Summ      6%         N/A       100%        7


Dungeon Overview and Level Annotations

Branches:
Dungeon (4/15)
 Temple: D:4-7

Altars:
Ashenzari
Yredelemnul

Annotations:
D:3 1 runed translucent door, Grinder; Hatyri's ghost, amateur DrFi
D:4 2 transporters, Duvessa; quinnr's ghost, novice TeFE


Message History

Duvessa, Sister of Dowan comes into view.
She is wielding a +0 short sword.
Duvessa shouts!
Dowan asks, "Where am I?"
Dowan barely misses you.
Duvessa says, "Practise, practise, practise!
One day you'll be as good as me."
You catch the helpless Dowan completely off-guard!
You puncture Dowan!
Dowan looks as sick as possible!
Dowan is severely wounded.
Dowan grins madly.
Dowan misses you.
Casting: Mephitic Cloud (extremely dangerous; 32% risk of failure)
Confirm with . or Enter, or press ? or * to list all spells.
The spell is extremely dangerous to cast (32% risk of failure)!
Continue anyway?
Aiming: Mephitic Cloud (extremely dangerous; 32% risk of failure)
Press: ? - help, Shift-Dir - straight line, p - Dowan That beam is likely to hit you.
Continue anyway?
Okay, then.
Unknown command.
Casting: Mephitic Cloud (extremely dangerous; 32% risk of failure)
Confirm with . or Enter, or press ? or * to list all spells.
The spell is extremely dangerous to cast (32% risk of failure)!
Continue anyway?
Aiming: Mephitic Cloud (extremely dangerous; 32% risk of failure)
Press: ? - help, Shift-Dir - straight line, f - Duvessa
Aim: Duvessa, wielding a +0 short sword and wearing a +0 leather armour (chance to affect: 81%)
You miscast Mephitic Cloud.
You are very lightly contaminated with residual magic.
Nothing appears to happen.
You kill Dowan!
Duvessa screams in rage.
Duvessa goes berserk!
Your Dodging skill increases to level 3!
Your Spellcasting skill increases to level 6!
You have reached level 5!
Duvessa hits you with a +0 short sword!
* * * LOW HITPOINT WARNING * * *
Duvessa rages.
Casting: Mephitic Cloud (extremely dangerous; 28% risk of failure)
Confirm with . or Enter, or press ? or * to list all spells.
You blink.
Duvessa hits you with a +0 short sword!
You die...

#.......<#..##.#.#####
########.#...#.......#
#....#.#.###.###.#
#.####.#..##.# #.#
#.#....##.##.# #.####
#.#....##.##.# #.....
#.####ยง# ..#.# #.....
###....e.###.#.#
##....
#.)...@...##...# #...#
#.#######.# #..# #.#..
#. #.# #..####.#.# #.
#.###.......#.. ..
#..##..###..### ..
#......# #..# ...
#..###>.....# ...
....## #.####^#
....... ..# #.#


You could see Duvessa (berserk).

Vanquished Creatures
  Dowan (D:4)
  Ijyb (D:3)
  3 adders
  A worm (D:4)
  A dart slug (D:1)
  8 endoplasms
  2 giant cockroaches
  3 goblins
  8 hobgoblins
  5 jackals
  7 kobolds
  4 quokkas
  5 ball pythons
  10 bats
  4 frilled lizards
  5 rats
68 creatures vanquished.

Notes
Turn   | Place    | Note
-------+----------+-------------------------------------------
     0 | D:1      | pokeman the Deep Elf Hedge Wizard began the quest for the
                  | Orb.
     0 | D:1      | Reached XP level 1. HP: 10/10 MP: 7/7
   155 | D:1      | Found a faded altar of an unknown god.
   421 | D:1      | Reached XP level 2. HP: 16/16 MP: 6/9
   573 | D:1      | You fall into a shaft and drop 1 floor!
   985 | D:1      | Reached skill level 5 in Spellcasting
  1103 | D:1      | Reached XP level 3. HP: 20/20 MP: 7/11
  1107 | D:1      | Learned a level 3 spell: Mephitic Cloud
  1110 | D:1      | Learned a level 2 spell: Call Imp
  1113 | D:1      | Learned a level 2 spell: Blink
  1117 | D:1      | Learned a level 3 spell: Conjure Flame
  1851 | D:2      | Reached skill level 1 in Fighting
  1936 | D:2      | Reached skill level 1 in Armour
  2325 | D:2      | Reached XP level 4. HP: 25/25 MP: 10/13
  3050 | D:3      | Found a runed translucent door.
  3053 | D:3      | Noticed Hatyri's ghost (amateur DrFi)
  3155 | D:3      | Noticed Grinder
  3371 | D:3      | Noticed Ijyb
  3388 | D:3      | Killed Ijyb
  3389 | D:3      | Reached skill level 1 in Fire Magic
  4027 | D:3      | Found a basalt altar of Yredelemnul.
  4028 | D:3      | Found a broken altar of Ashenzari.
  4214 | D:4      | Found a transporter.
  4216 | D:4      | Noticed quinnr's ghost (novice TeFE)
  4217 | D:4      | Found a transporter.
  4441 | D:4      | Noticed Dowan
  4455 | D:4      | Noticed Duvessa
  4459 | D:4      | Killed Dowan
  4460 | D:4      | Reached skill level 6 in Spellcasting
  4460 | D:4      | Reached XP level 5. HP: 22/29 MP: 2/15
  4464 | D:4      | Slain by Duvessa

Illustrated notes

Levels and vault maps discovered:
D:1:      dpeg_arrival_rooms_with_view, layout_basic,
          shapermc_ecumenical_altar_pompeii
D:2:      layout_loops_ring, roderic_cross_of_infinity
D:3:      layout_loops_corners, minitemple, hellmonk_ghost_happy_afterlife,
          minmay_splitting_lines, uniq_grinder, uniq_ijyb
D:4:      layout_basic, bloody_makhleb, minmay_temple_entry_glass,
          gammafunk_ghost_arena, nrook_mini_vaults, uniq_duvessa

Skill      XL: |  1  2  3  4 |
---------------+-------------+-----
Spellcasting   | 5 6 |  6.2
Fighting       | 1 |  1.0
Armour         | 1 |  1.0
Conjurations   | 2 |  2.6
Fire Magic     | 1 |  1.2
Dodging        | 3 |  3.1
Stealth        | |  2.4
Summonings     | |  1.1
Translocations | |  1.1
Air Magic      | |  0.7

Action                   |  1- 3 |  4- 6 || total
-------------------------+-------+-------++-------
Melee: Dagger            |       |    10 ||    10
 Cast: Magic Dart        |   118 |    53 ||   171
       Mephitic Cloud    |       |     4 ||     4
       Conjure Flame     |       |     2 ||     2
       Blink             |       |     1 ||     1
 Stab: Confused          |       |     2 ||     2
Armor: Robe              |     9 |     2 ||    11
       Leather armour    |       |     6 ||     6
Dodge: Dodged            |    15 |    12 ||    27

Table legend: (Time is in decaauts)
 A = Elapsed time spent in this place.
 B = Non-inter-level travel time spent in this place.
 C = Inter-level travel time spent in this place.
 D = Time resting spent in this place.
 E = Time spent auto-exploring this place.
 F = Levels seen in this place.
 G = Mean time per level.
                   A        B        C        D        E       F      G
               +--------+--------+--------+--------+--------+-----+--------+
         Total |   4463 |   4375 |     88 |     47 |   3909 |   4 | 1115.8 |
       Dungeon |   4463 |   4375 |     88 |     47 |   3909 |   4 | 1115.8 |
               +--------+--------+--------+--------+--------+-----+--------+

Top non-repeatable levels by time:
     D:1: 1710 daAuts
     D:3: 1417 daAuts
     D:2: 1086 daAuts
     D:4: 249 daAuts
